 Dungeon Crawl Stone Soup version 0.27-a0-887-gcab673c142 (webtiles) character file.

Game seed: 12507799518308843057

4 jestyr24 the Chucker (level 1, 0/22 HPs)
             Began as an Ogre Hunter on Apr 3, 2021.
             Slain by a quokka (3 damage)
             ... on level 1 of the Dungeon.
             The game lasted 00:01:07 (158 turns).

jestyr24 the Chucker (Ogre Hunter)                   Turns: 158, Time: 00:01:08

Health: 0/22       AC:  3    Str: 15    XL:     1   Next: 60%
Magic:  1/1        EV:  9    Int: 12    God:
Gold:   7          SH:  0    Dex:  9    Spells: 0/0 levels left

rFire    . . .     SeeInvis .   a - +0 short sword
rCold    . . .     Faith    .   (no shield)
rNeg     . . .     Spirit   .   b - +0 robe
rPois    .         Reflect  .   (helmet restricted)
rElec    .         Harm     .   (no cloak)
rCorr    .         Rampage  .   (gloves unavailable)
Will     .....                  (boots unavailable)
Stlth    +.........             (no amulet)
HPRegen  0.07/turn              (no ring)
MPRegen  0.07/turn              (no ring)

@: no status effects
A: large, unfitting armour, tough skin 1
a: no special abilities


You were on level 1 of the Dungeon.
You visited 1 branch of the dungeon, and saw 1 of its levels.

You collected 7 gold pieces.

Inventory:

Hand Weapons
 a - a +0 short sword (weapon)
 f - a +0 club
Missiles
 c - 5 large rocks (quivered)
 d - 2 throwing nets
Armour
 b - a +0 robe (worn)
Potions
 e - a potion of invisibility {unknown}


   Skills:
 + Level 2.6 Fighting
 + Level 0.3 Short Blades
 + Level 4.1 Throwing
 + Level 1.7 Dodging
 + Level 0.6 Stealth


You couldn't memorise any spells.
You didn't know any spells.
Your spell library was empty.

Dungeon Overview and Level Annotations

Branches:
Dungeon (1/15)

Altars:


Innate Abilities, Weirdness & Mutations

You are too large for most types of armour.
You have tough skin. (AC +1)


Message History

You barely miss the goblin.
The goblin is heavily wounded.
The goblin hits you with a +0 club.
You hit the goblin.
You kill the goblin!
Things that are here:
a +0 club; a goblin corpse
f - a +0 club HP restored.
A hobgoblin comes into view.
A quokka comes into view.
The hobgoblin closely misses you.
You hit the hobgoblin.
The hobgoblin is severely wounded.
The hobgoblin closely misses you.
You barely miss the hobgoblin.
The hobgoblin is severely wounded.
The hobgoblin hits you. x2
You hit the hobgoblin.
You kill the hobgoblin!
You closely miss the quokka. The quokka bites you.
The quokka closely misses you.
You see here a hobgoblin corpse.
You barely miss the quokka. You hit the quokka but do no damage.
The quokka bites you. The quokka barely misses you.
You closely miss the quokka. The quokka barely misses you.
You closely miss the quokka. The quokka barely misses you.
You closely miss the quokka. The quokka bites you.
The quokka barely misses you.
You barely miss the quokka.
The quokka bites you but does no damage.
You barely miss the quokka. The quokka bites you.
* * * LOW HITPOINT WARNING * * *
You hit the quokka.
The quokka is heavily wounded.
The quokka bites you.
* * * LOW HITPOINT WARNING * * *
The quokka bites you.
You die...

######### ........####
...........##
............##
......≈≈≈≈...##
......≈≈≈≈8...#
......≈≈≈≈....#
.......r....#.#
.......@...##.########
...........##........#
...........####......# #
...........# #......###
...........####.###.....
...........##...#...####
...........#..#....##
...................#####
.........†...


You could see a quokka.

Vanquished Creatures
  A ball python (D:1)
  A goblin (D:1)
  A hobgoblin (D:1)
3 creatures vanquished.

Notes
Turn   | Place    | Note
-------+----------+-------------------------------------------
     0 | D:1      | jestyr24 the Ogre Hunter began the quest for the Orb.
     0 | D:1      | Reached XP level 1. HP: 22/22 MP: 1/1
   158 | D:1      | Slain by a quokka

Illustrated notes

Levels and vault maps discovered:
D:1:      tarquinn_simple_flora_water_a, layout_rooms,
          shapermc_ecumenical_altar_venn, serial_park_tiny_pond

Action                   || total
-------------------------++-------
Melee: Short sword       ||    19
Armor: Robe              ||     4
Dodge: Dodged            ||     9

Table legend: (Time is in decaauts)
 A = Elapsed time spent in this place.
 B = Non-inter-level travel time spent in this place.
 C = Inter-level travel time spent in this place.
 D = Time resting spent in this place.
 E = Time spent auto-exploring this place.
 F = Levels seen in this place.
 G = Mean time per level.
                   A        B        C        D        E       F      G
               +--------+--------+--------+--------+--------+-----+--------+
         Total |    159 |    159 |      0 |      0 |    111 |   1 |  159.0 |
       Dungeon |    159 |    159 |      0 |      0 |    111 |   1 |  159.0 |
               +--------+--------+--------+--------+--------+-----+--------+

Top non-repeatable levels by time:
     D:1: 159 daAuts
